 Dungeon Crawl Stone Soup version 0.27.0-1-g7a089689b8 (webtiles) character file.

Game seed: 13550844573231341104

10 tovald2 the Slasher (level 2, -2/22 HPs)
             Began as a Demonspawn Gladiator on Aug 18, 2021.
             Succumbed to a gnoll's poison
             ... on level 1 of the Dungeon.
             The game lasted 00:01:14 (373 turns).

tovald2 the Slasher (Demonspawn Gladiator)           Turns: 373, Time: 00:01:14

Health: -2/22      AC:  4    Str: 14    XL:     2   Next: 10%
Magic:  2/2        EV: 12    Int:  9    God:
Gold:   0          SH:  4    Dex: 14    Spells: 1/1 levels left

rFire    . . .     SeeInvis .   a - +0 long sword
rCold    . . .     Faith    .   (no shield)
rNeg     . . .     Spirit   .   b - +0 leather armour
rPois    .         Reflect  .   c - +0 helmet
rElec    .         Harm     .   (no cloak)
rCorr    .         Rampage  .   (no gloves)
Will     .....                  (no boots)
Stlth    +.........             (no amulet)
HPRegen  0.07/turn              (no ring)
MPRegen  0.08/turn              (no ring)

@: lethally poisoned (-2 -> -20), flying
A: condensation shield
a: no special abilities


You were on level 1 of the Dungeon.
You visited 1 branch of the dungeon, and saw 1 of its levels.

Inventory:

Hand Weapons
 a - a +0 long sword (weapon)
Missiles
 d - 3 throwing nets (quivered)
Armour
 b - a +0 leather armour (worn)
 c - a +0 helmet (worn)
Scrolls
 e - a scroll of noise {unknown}
 g - a scroll of identify {unknown}


   Skills:
 * Level 2.1 Fighting
 * Level 3.0 Long Blades
 - Level 1.7 Throwing
 * Level 0.3 Armour
 + Level 2.8 Dodging


You had one spell level left.
You didn't know any spells.
Your spell library contained the following spells:

 Spells                   Type           Power      Damage    Failure   Level
 Blink                    Tloc           N/A        N/A       61%         2
 Lesser Beckoning         Tloc           0%         N/A       83%         3
 Manifold Assault         Tloc           0%         N/A       100%        5


Dungeon Overview and Level Annotations

Branches:
Dungeon (1/15)

Altars:


Innate Abilities, Weirdness & Mutations

A meltable shield of frost defends you. (SH +4)


Message History

The ball python barely misses you.
You riposte.
You completely miss the ball python.
The ball python is moderately wounded.
The ball python constricts you.
You hit the ball python but do no damage.
The ball python is moderately wounded.
You block the ball python's attack. The ball python constricts you.
You slash the ball python!
You kill the ball python!
A gnoll comes into view. It is wielding a +1 whip of venom.
A gnoll is nearby!
A bat comes into view.
The bat barely misses you. The bat hits you but does no damage.
The bat misses you. The bat misses you.
You closely miss the gnoll.
The gnoll hits you with a +1 whip of venom.
You are poisoned.
You completely miss the gnoll.
You feel very sick. The gnoll closely misses you.
You slash the gnoll!
The gnoll is heavily wounded.
You feel sick.
The gnoll hits you with a +1 whip of venom.
* * * LOW HITPOINT WARNING * * *
The gnoll barely misses you.
You riposte.
You hit the gnoll.
The gnoll is severely wounded.
It was a potion of flight.
You feel very buoyant.
You fly up into the air.
* * * LOW HITPOINT WARNING * * *
You feel sick.
The gnoll hits you with a +1 whip of venom.
* * * LOW HITPOINT WARNING * * *
You are more poisoned.
You hit the gnoll.
You kill the gnoll!
You die...

#........# #.#..#
#..##......
######.#.### #.#..#
#..###....#
#...#...###.#..#
#..####''##
....#####........#
#.......... ###..
#....#.##.##
#.......... #.
#.##.#.##.#
#####.##### #.
#......#.##.# #.# #
##.##..#.##.# #.#
#. #..#.##@# #.# #
##..#.##)###### #.#
....#.##b##...# #.#
........#.....### .
##.##.##........#..
# #...........
##.......#.
###...### #........


You could see a bat.

Vanquished Creatures
  A gnoll (D:1)
  An endoplasm (D:1)
  2 hobgoblins (D:1)
  2 jackals (D:1)
  A quokka (D:1)
  A ball python (D:1)
  2 bats (D:1)
10 creatures vanquished.

Notes
Turn   | Place    | Note
-------+----------+-------------------------------------------
     0 | D:1      | tovald2 the Demonspawn Gladiator began the quest for the
                  | Orb.
     0 | D:1      | Reached XP level 1. HP: 16/16 MP: 1/1
   281 | D:1      | Reached skill level 3 in Long Blades
   281 | D:1      | Gained mutation: A meltable shield of frost defends you.
                  | (SH +4) [demonic ancestry]
   281 | D:1      | Reached XP level 2. HP: 18/22 MP: 2/2
   373 | D:1      | Succumbed to a gnoll's poison

Illustrated notes

Levels and vault maps discovered:
D:1:      dpeg_arrival_refuge, layout_loops_ring, minivault_5,
          minmay_misc_feat_secret_circle

Skill      XL: |  1 |
---------------+----+-----
Long Blades    | 3 |  3.0
Fighting       | |  2.1
Throwing       | |  1.7
Armour         | |  0.3
Dodging        | |  2.8

Action                   || total
-------------------------++-------
Melee: Long sword        ||    39
  Use: Potion            ||     1
Armor: Leather armour    ||    12
Dodge: Dodged            ||    36
Block: Other             ||     1
       Rpst.: Long sword ||    12
